 Dungeon Crawl Stone Soup version 0.20.1-1-g8b1a95d (webtiles) character file.

105 Monsterracer the Insei (level 4, -3/32 HPs)
             Began as a Barachi Transmuter on Oct 23, 2017.
             Was an Initiate of Okawaru.
             Slain by Monsterracer's ghost (10 damage)
             ... on level 3 of the Dungeon.
             The game lasted 00:05:18 (3261 turns).

Monsterracer the Insei (Barachi Transmuter)         Turns: 3261, Time: 00:05:19

Health: -3/32      AC:  6    Str: 12    XL:     4   Next: 83%
Magic:  5/7        EV: 12    Int: 13    God:    Okawaru [......]
Gold:   87         SH:  0    Dex: 13    Spells: 1/7 levels left

rFire    . . .     SeeInvis .     - Unarmed
rCold    . . .     Gourm    .   (no shield)
rNeg     . . .     Faith    .   b - +0 robe
rPois    .         Spirit   .   r - +0 helmet
rElec    .         Reflect  .   (no cloak)
rCorr    .         Harm     .   p - +2 pair of gloves
MR       .....                  (boots currently unavailable)
Stlth    +.........             (no amulet)
Regen    0.1/turn               (no ring)
MPRegen  0.1/turn               (no ring)

@: appendage (expiring), slow
A: +LOS, swims, talons 3, slowness 1, strong legs 1
a: Hop, End Transformation, Renounce Religion


You were on level 3 of the Dungeon.
You worshipped Okawaru.
Okawaru was noncommittal.
You were not hungry.
You had grown temporary talons.
You visited 1 branch of the dungeon, and saw 3 of its levels.

You collected 87 gold pieces.

Inventory:

Missiles
 a - 33 arrows
Armour
 b - a +0 robe (worn)
 p - a +2 pair of gloves (worn)
 r - a +0 helmet (worn)
Scrolls
 e - a scroll of remove curse {unknown}
 f - a scroll of enchant weapon {unknown}
 i - a scroll of random uselessness {unknown}
 k - a scroll of teleportation {unknown}
 l - a scroll of amnesia {unknown}
Potions
 h - a potion of lignification
 j - 3 potions of flight
 n - a potion of haste
 o - 4 potions of mutation {unknown}
Books
 c - a book of Changes

   Spells                             Type                      Level
   a - Beastly Appendage              Transmutation                1
   b - Sticks to Snakes               Transmutation                2
   c - Spider Form                    Transmutation/Poison         3
   d - Ice Form                       Ice/Transmutation            4
   e - Blade Hands                    Transmutation                5
 q - a book of Cantrips

   Spells                             Type                      Level
   a - Confusing Touch                Hexes                        1
   b - Animate Skeleton               Necromancy                   1
   c - Summon Small Mammal            Summoning                    1
   d - Apportation                    Translocation                1
Comestibles
 d - 3 bread rations
 m - a royal jelly


   Skills:
 - Level 1.2 Fighting
 - Level 2.1 Dodging
 + Level 4.6 Unarmed Combat
 - Level 2.1 Spellcasting
 + Level 4.1 Transmutations


You had one spell level left.
You knew the following spells:

 Your Spells              Type           Power        Failure   Level  Hunger
a - Beastly Appendage     Tmut           ##....       4%          1    ##.....
b - Sticks to Snakes      Tmut           ##......     7%          2    ###....
c - Spider Form           Tmut/Pois      #.........   32%         3    ####...


Dungeon Overview and Level Annotations

Branches:
Dungeon (3/15)

Altars:
Okawaru

Annotations:
D:3 Monsterracer's ghost, amateur BaTm


Innate Abilities, Weirdness & Mutations

Shadows flee at your approach. (+LOS)
You can swim through water.
You cover ground slowly.
You can hop short distances.
You have claws for feet.


Message History

You closely miss Monsterracer's ghost. Your kick misses Monsterracer's ghost.
You punch Monsterracer's ghost, but do no damage.
Monsterracer's ghost hits you.
Damage: -16%(-5hp) hp: 75%(24hp)
You are too injured to fight recklessly!
You are too injured to fight recklessly!
You are too injured to fight recklessly!
You are too injured to fight recklessly!
You hit Monsterracer's ghost. Your kick misses Monsterracer's ghost.
Monsterracer's ghost is lightly damaged.
Monsterracer's ghost hits you!
* * * LOW HITPOINT WARNING * * *
Huge Dmg: -34%(-11hp) hp: 41%(13hp) Monsterracer's ghost misses you.
You climb upwards.
There is a stone staircase leading down here.
You start resting.
Your transformation is almost over.
You start resting.
Magic restored.
Unknown command.
You eat the meat ration.
That meat ration really hit the spot!
You start resting.
Your talons disappear.
You start resting.
HP restored.
Casting: Beastly Appendage
Confirm with . or Enter, or press ? or * to list all spells.
Okay, then.
Casting: Beastly Appendage
Confirm with . or Enter, or press ? or * to list all spells.
Your feet morph into talons.
You climb downwards.
Level annotation: Monsterracer's ghost, amateur BaTm Monsterracer's ghost hits you.
There is a stone staircase leading up, spattered with blood here.
Damage: -12%(-4hp) hp: 88%(28hp) Unknown command.
Press: ? - help, v - describe, . - travel
Here: Monsterracer's ghost The floor.
Casting: Beastly Appendage
Confirm with . or Enter, or press ? or * to list all spells.
Okay, then.
Casting: Beastly Appendage
Confirm with . or Enter, or press ? or * to list all spells.
You create a snake!
You now have 33 arrows.
Your transformation is almost over.
Monsterracer's ghost barely misses you.
You hit Monsterracer's ghost. Your kick misses Monsterracer's ghost.
Monsterracer's ghost is lightly damaged.
Monsterracer's ghost barely misses you.
Your ball python completely misses Monsterracer's ghost.
An adder comes into view.
You barely miss Monsterracer's ghost. You claw Monsterracer's ghost.
Monsterracer's ghost is lightly damaged.
Monsterracer's ghost barely misses you.
Your ball python barely misses Monsterracer's ghost.
You barely miss Monsterracer's ghost.
Monsterracer's ghost is lightly damaged.
Monsterracer's ghost hits you.
Your ball python barely misses Monsterracer's ghost.
Damage: -3%(-1hp) hp: 85%(27hp)
You hit Monsterracer's ghost.
Monsterracer's ghost is moderately damaged.
Monsterracer's ghost barely misses you.
Your ball python barely misses Monsterracer's ghost.
You hit Monsterracer's ghost. You claw Monsterracer's ghost!
Monsterracer's ghost is heavily damaged.
Your ball python closely misses Monsterracer's ghost.
Monsterracer's ghost hits you.
Damage: -16%(-5hp) hp: 69%(22hp)
You hit Monsterracer's ghost. You claw Monsterracer's ghost.
Monsterracer's ghost is severely damaged.
The adder bites you but does no damage.
Your ball python barely misses Monsterracer's ghost.
Monsterracer's ghost hits you.
Damage: -9%(-3hp) hp: 60%(19hp)
You miss Monsterracer's ghost.
Monsterracer's ghost is severely damaged.
The adder bites you but does no damage.
Your ball python barely misses Monsterracer's ghost.
Monsterracer's ghost hits you!
* * * LOW HITPOINT WARNING * * *
Huge Dmg: -28%(-9hp) hp: 32%(10hp)
You hit Monsterracer's ghost.
Monsterracer's ghost is severely damaged.
The adder closely misses you.
Your ball python completely misses Monsterracer's ghost.
The adder closely misses you. Monsterracer's ghost hits you.
* * * LOW HITPOINT WARNING * * *
Huge Dmg: -10%(-3hp) hp: 22%(7hp)
You hit Monsterracer's ghost.
Monsterracer's ghost is almost destroyed.
Your ball python barely misses Monsterracer's ghost.
The adder bites you but does no damage.
You hit Monsterracer's ghost.
Monsterracer's ghost is almost destroyed.
Your ball python bites Monsterracer's ghost.
Monsterracer's ghost hits you!
You die...

..###.#...)..#.#.<#.#######
........###..#.##÷........###
.............#........#.....#####
.........##.######.#..#.#........
.........##...........#.###.#####
#####.##).........#####......#
.........##...........#####..#
##...#.#.##.#########.# #..#
##.#...#........@##.#.# #..#
.............>..WS..#.# #..#
......###.#.#.#..S..#.# #..#
.#.#......#'#...#...#.#####..#
.#...#.##.........#.#........#
.#####..#.......###'#.######.#
........#....................#
.######.#........#.♣.♣.#.##..# .#
#.#................##..####


You could see Monsterracer's ghost, an adder and a friendly ball python.

Vanquished Creatures
  2 adders (D:2)
  4 worms
  2 dart slugs
  4 leopard geckos
  A ball python (D:3)
  5 bats
  6 giant cockroaches
  6 goblins
  5 hobgoblins
  4 jackals (D:2)
  A quokka (D:2)
  A frilled lizard (D:1)
  7 kobolds
  8 rats
56 creatures vanquished.

Vanquished Creatures (collateral kills)
  An adder (D:2)
1 creature vanquished.

Grand Total: 57 creatures vanquished

Notes
Turn   | Place    | Note
-------+----------+-------------------------------------------
     0 | D:1      | Monsterracer the Barachi Transmuter began the quest for the Orb.
     0 | D:1      | Reached XP level 1. HP: 15/15 MP: 3/3
   191 | D:1      | You fall through a shaft!
   196 | D:2      | Reached XP level 2. HP: 20/21 MP: 5/5
   879 | D:2      | Learned a level 2 spell: Sticks to Snakes
   900 | D:2      | HP: 10/21 [poisoned by an adder]
   904 | D:2      | HP: 3/21 [adder (3)]
   906 | D:2      | Reached XP level 3. HP: 15/26 MP: 6/6
   984 | D:2      | Learned a level 3 spell: Spider Form
  1168 | D:2      | HP: 9/26 [adder (5)]
  1173 | D:2      | HP: 7/39 [poisoned by an adder]
  1179 | D:2      | HP: 6/39 [poisoned by an adder]
  1187 | D:2      | HP: 5/39 [poisoned by an adder]
  1526 | D:2      | HP: 13/26 [jackal (1)]
  1531 | D:2      | HP: 10/26 [jackal (1)]
  1563 | D:2      | Reached XP level 4. HP: 16/32 MP: 3/7
  2252 | D:3      | HP: 10/32 [worm (11)]
  2513 | D:3      | Found an iron altar of Okawaru.
  2520 | D:3      | Became a worshipper of Warmaster Okawaru
  2975 | D:3      | Noticed Monsterracer's ghost (amateur BaTm)
  3063 | D:3      | HP: 13/32 [Monsterracer's ghost (11)]
  3258 | D:3      | HP: 10/32 [Monsterracer's ghost (9)]
  3261 | D:3      | Slain by Monsterracer's ghost

Skill      XL: |  1  2  3  4 |
---------------+-------------+-----
Transmutations | 3 4 |  4.1
Unarmed Combat | 4 |  4.6
Fighting       | |  1.2
Dodging        | |  2.1
Spellcasting   | |  2.1

Action                   |  1- 3 |  4- 6 || total
-------------------------+-------+-------++-------
Melee: Unarmed           |   102 |   125 ||   227
       Kick              |       |     3 ||     3
       Punch             |       |     2 ||     2
 Cast: Sticks to Snakes  |     1 |     1 ||     2
       Spider Form       |     3 |     3 ||     6
       Beastly Appendage |       |     2 ||     2
  Use: Potion            |     2 |       ||     2
       Scroll            |     4 |       ||     4
  Eat: Chunk             |     2 |     6 ||     8
       Meat ration       |       |     1 ||     1
Armor: Robe              |    15 |    63 ||    78
       Skin              |     5 |       ||     5
Dodge: Dodged            |    74 |   102 ||   176

Vault maps used:
D:1:      saegor_arrival_simple_b
D:2:      first_bread
D:3:      okawaru_trees_1, led_sif_book
